 Dungeon Crawl Stone Soup version 0.18-a0-455-gc7d4c65 (webtiles) character file.

53 M4edhros the Charlatan (level 3, -6/23 HPs)
             Began as an Octopode Artificer on Dec 1, 2015.
             Mangled by an orc
             ... wielding a +0 mace
              (7 damage)
             ... on level 4 of the Dungeon.
             The game lasted 00:01:17 (902 turns).

M4edhros the Charlatan (Octopode Artificer)          Turns: 902, Time: 00:01:17

Health: -6/23      AC:  1    Str: 10    XL:     3   Next: 87%
Magic:  6/6        EV: 11    Int: 15    God:
Gold:   65         SH:  3    Dex: 12    Spells: 0 memorised, 2 levels left

rFire  . . .     SeeInvis .     a - +0 short sword
rCold  . . .     Clarity  .     f - +0 buckler
rNeg   . . .     SustAt   .     (helmet restricted)
rPois  .         Gourm    .     n - amulet of regeneration
rElec  .         Spirit   .     (no ring)
rCorr  .         Dsmss    .     (no ring)
rMut   .         Stasis   .     (no ring)
MR     .....                    (no ring)
Stlth  ++++......               (no ring)
                                (no ring)
                                (no ring)
                                (no ring)

@: not resistant to hostile enchantments, stealthy
A: almost no armour, amphibious, 8 rings, constrict 8, camouflage 1, gelatinous
body 1
a: no special abilities


You were on level 4 of the Dungeon.
You were not hungry.

You visited 1 branch of the dungeon, and saw 4 of its levels.

You collected 65 gold pieces.

Inventory:

Hand Weapons
 a - a +0 short sword (weapon)
Missiles
 g - 74 stones (quivered)
Armour
 f - a +0 buckler (worn)
Jewellery
 n - an amulet of regeneration (around mantle)
Wands
 b - a wand of flame (12)
 c - a wand of enslavement (15)
 d - a wand of random effects (15)
Scrolls
 h - a scroll of fog {unknown}
 i - a scroll of identify {unknown}
 j - a scroll of enchant weapon {unknown}
 q - a scroll of magic mapping {unknown}
Potions
 m - a potion of ambrosia {unknown}
 o - a potion of flight {unknown}
 p - a potion of brilliance {unknown}
Comestibles
 e - 3 bread rations
 l - 2 meat rations
 r - a royal jelly


   Skills:
 - Level 1.0 Fighting
 - Level 1.0 Short Blades
 - Level 2.0 Dodging
 + Level 3.8 Stealth
 + Level 4.2 Evocations


You had 2 spell levels left.
You didn't know any spells.

Dungeon Overview and Level Annotations

Branches:
Dungeon (4/15)
 Temple: D:4-7

Altars:
Trog
Vehumet

Annotations:
D:4 Natasha


Innate Abilities, Weirdness & Mutations

You cannot wear most types of armour.
You are amphibious.
You can wear up to eight rings at the same time.
You can use your tentacles to constrict eight enemies at once.
Your skin changes colour to match your surroundings (Stealth).
Your rubbery body absorbs attacks (AC +1).


Message History

The orc priest hits you with a short sword.
The orc shouts!
You hit the orc priest. You grab the orc priest. You squeeze the orc priest.
The orc priest is severely wounded.
You constrict the orc priest.
You hear an angry hiss.
The orc priest invokes the aid of Beogh against you.
Something smites you!
Ouch!
That really hurt! 2 orcs come into view.
Drink which item? (? for menu, Esc to quit)
Okay, then.
Drink which item? (? for menu, Esc to quit)
It was a potion of curing.
You feel better.
You constrict the orc priest.
The orc priest calls down the wrath of Beogh upon you.
Pain shoots through your body!
Ouch! That really hurt!
* * * LOW HITPOINT WARNING * * *
The orc hits you with a mace!
You die... #............ #........h... ............ ........... o......... oo.......

#oo...# #@....#
+.....#
#####.....##
#...........#
#...........#
#...........#
###...........#
#....##########
#....#


You could see an orc priest, Natasha and 4 orcs.

Vanquished Creatures
  2 adders
  2 oozes (D:3)
  An orc (D:3)
  3 bats
  3 giant cockroaches
  3 hobgoblins
  A quokka (D:2)
  A ball python (D:3)
  2 goblins
  2 jackals (D:2)
  3 kobolds
  5 rats
28 creatures vanquished.

Notes
Turn   | Place    | Note
--------------------------------------------------------------
     0 | D:1      | M4edhros the Octopode Artificer began the quest for the Orb.
     0 | D:1      | Reached XP level 1. HP: 13/13 MP: 3/3
   273 | D:2      | Reached XP level 2. HP: 18/18 MP: 4/4
   390 | D:2      | Found a bloodstained altar of Trog.
   401 | D:2      | Found a radiant altar of Vehumet.
   509 | D:2      | Reached XP level 3. HP: 23/23 MP: 5/5
   563 | D:3      | Reached skill level 4 in Evocations
   899 | D:4      | Noticed Natasha
   902 | D:4      | HP: 1/23 [orc priest/nerve-wracking pain (14)]
   902 | D:4      | Mangled by an orc

Vault maps used:
D:1:      lightli_arrival_flooded_house
D:2:      nicolae_overflow_quartered_altars, minitemple, serial_forest,
          infiniplex_forest_clump_C, infiniplex_forest_clump_double,
          infiniplex_forest_lined_room_3, infiniplex_forest_3_way,
          infiniplex_forest_straight_1, infiniplex_forest_end_2,
          infiniplex_forest_clump_long, infiniplex_forest_end_2,
          kennysheep_generic_room_14
D:3:      first_bread, interstate_on_off, uniq_jessica
D:4:      serial_glass, glass_columns_c, glass_columns_c, portal_sewer_entry_d,
          nicolae_qazlal_style_of_elements, uniq_natasha

Action                   || total
-------------------------++-------
Melee: Short sword       ||    54
Evoke: Wand              ||     3
  Use: Potion            ||     1
 Stab: Sleeping          ||    10
